TOP OF THE 1ST |
Riverside Red Bulls batting - Pitching for Moose Jaw Ghostbusters : LHP Javier Galeas
|
Pitching: LHP Javier Galeas
|
|
Batting: RHB Bobby Miller
|
0-0: Foul Ball, location: 2F 0-1: Foul Ball, location: 2F 0-2: SINGLE (Line Drive, 89S)
|
Batting: LHB Miguel Gálvez
|
0-0: Ball 1-0: Ball 2-0: Called Strike 2-1: Ball 3-1: Base on Balls Bobby Miller to second
|
Batting: LHB Gabriel Estrada
|
0-0: Called Strike 0-1: DOUBLE (Line Drive, 9LM) Bobby Miller scores Miguel Gálvez to third
|
Batting: RHB John Burton
|
0-0: Ball 1-0: Ball 2-0: Ground out U3 (Groundball, 34) Miguel Gálvez scores Gabriel Estrada to third
|
Batting: RHB Robert Stevens
|
0-0: Called Strike 0-1: Called Strike Steal of home, Gabriel Estrada is out 0-2: Ball 1-2: Foul Ball, location: 2F 1-2: Strikes out swinging
|
Top of the 1st over - 2 runs, 2 hits, 0 errors, 0 left on base; Riverside 2 - Moose Jaw 0 |
BOTTOM OF THE 1ST |
Moose Jaw Ghostbusters batting - Pitching for Riverside Red Bulls : RHP Juan Padilla
|
Pitching: RHP Juan Padilla
|
|
Batting: SHB Lonnie Washington
|
0-0: Ground out 4-3 (Groundball, 4)
|
Batting: RHB Edmund Kline
|
0-0: Fly out, F7 (Line Drive, 7D)
|
Batting: SHB Rafael Acosta
|
0-0: Ball 1-0: Ground out U3 (Groundball, 34)
|
Bottom of the 1st over - 0 runs, 0 hits, 0 errors, 0 left on base; Riverside 2 - Moose Jaw 0 |
TOP OF THE 2ND |
Riverside Red Bulls batting - Pitching for Moose Jaw Ghostbusters : LHP Javier Galeas
|
Batting: SHB Ángel Estrada
|
0-0: Foul Ball, location: 2F 0-1: SINGLE (Groundball, 34D)
|
Batting: RHB José González
|
0-0: Foul Ball, location: 2F 0-1: Foul Ball, location: 2F 0-2: Ball 1-2: Foul Ball, location: 2F 1-2: Ball 2-2: Strikes out swinging
|
Batting: RHB Luis Flores
|
0-0: Swinging Strike Ángel Estrada is caught stealing 2nd base 0-1: Ground out 4-3 (Groundball, 4)
|
Top of the 2nd over - 0 runs, 1 hit, 0 errors, 0 left on base; Riverside 2 - Moose Jaw 0 |
BOTTOM OF THE 2ND |
Moose Jaw Ghostbusters batting - Pitching for Riverside Red Bulls : RHP Juan Padilla
|
Batting: LHB Bill O'Higgins
|
0-0: Called Strike 0-1: Ball 1-1: Foul Ball, location: 2F 1-2: Strikes out looking
|
Batting: LHB Tony Beck
|
0-0: Ball 1-0: Fly out, F7 (Flyball, 7LS)
|
Batting: RHB Scott McGuire
|
0-0: Ball 1-0: Ball 2-0: Ball 3-0: Called Strike 3-1: Called Strike 3-2: Fly out, F5 (Popup, 25F)
|
Bottom of the 2nd over - 0 runs, 0 hits, 0 errors, 0 left on base; Riverside 2 - Moose Jaw 0 |
TOP OF THE 3RD |
Riverside Red Bulls batting - Pitching for Moose Jaw Ghostbusters : LHP Javier Galeas
|
Batting: RHB Pete Woods
|
0-0: Called Strike 0-1: SINGLE (Line Drive, 56D)
|
Batting: RHB Bobby Miller
|
0-0: Ball 1-0: Fly out, F9 (Flyball, 89M)
|
Batting: LHB Miguel Gálvez
|
0-0: Fly out, F8 (Flyball, 8RM)
|
Batting: LHB Gabriel Estrada
|
0-0: Called Strike 0-1: Called Strike 0-2: Foul Ball, location: 2F 0-2: Fly out, F7 (Flyball, 78S)
|
Top of the 3rd over - 0 runs, 1 hit, 0 errors, 1 left on base; Riverside 2 - Moose Jaw 0 |
BOTTOM OF THE 3RD |
Moose Jaw Ghostbusters batting - Pitching for Riverside Red Bulls : RHP Juan Padilla
|
Batting: LHB Bernard Lane
|
0-0: Swinging Strike 0-1: Called Strike 0-2: Strikes out swinging
|
Batting: SHB Martín Cruz
|
0-0: Ball 1-0: Ball 2-0: Called Strike 2-1: Ball 3-1: Called Strike 3-2: Foul Ball, location: 2F 3-2: SINGLE (Flyball, 9S)
|
Batting: RHB Johnny MacNamara
|
0-0: Ball 1-0: Called Strike 1-1: Called Strike 1-2: Strikes out swinging
|
Batting: SHB Lonnie Washington
|
0-0: Ball 1-0: SINGLE (Popup, 6D) Martín Cruz to second Runner from 2nd tries for 3rd, OUT!
|
Bottom of the 3rd over - 0 runs, 2 hits, 0 errors, 1 left on base; Riverside 2 - Moose Jaw 0 |
TOP OF THE 4TH |
Riverside Red Bulls batting - Pitching for Moose Jaw Ghostbusters : LHP Javier Galeas
|
Batting: RHB John Burton
|
0-0: Ground out 6-3 (Groundball, 6)
|
Batting: RHB Robert Stevens
|
0-0: Foul Ball, location: 2F 0-1: DOUBLE (Flyball, 78XD)
|
Batting: SHB Ángel Estrada
|
0-0: Ball 1-0: Called Strike 1-1: Foul Ball, location: 2F 1-2: Foul Ball, location: 2F 1-2: Ball 2-2: Foul Ball, location: 2F 2-2: Ball 3-2: Foul Ball, location: 2F 3-2: Foul Ball, location: 2F 3-2: Fly out, F6 (Line Drive, 56D)
|
Batting: RHB José González
|
0-0: Ball 1-0: DOUBLE (Flyball, 8LXD) Robert Stevens scores
|
Batting: RHB Luis Flores
|
0-0: Swinging Strike 0-1: Ball 1-1: Swinging Strike 1-2: Ball 2-2: Ball 3-2: Ground out 4-3 (Groundball, 4)
|
Top of the 4th over - 1 run, 2 hits, 0 errors, 1 left on base; Riverside 3 - Moose Jaw 0 |
BOTTOM OF THE 4TH |
Moose Jaw Ghostbusters batting - Pitching for Riverside Red Bulls : RHP Juan Padilla
|
Batting: RHB Edmund Kline
|
0-0: Called Strike 0-1: Ground out 1-4-3 (Groundball, 15S)
|
Batting: SHB Rafael Acosta
|
0-0: Ball 1-0: Called Strike 1-1: Ball 2-1: Fly out, F8 (Flyball, 8LXD)
|
Batting: LHB Bill O'Higgins
|
0-0: Called Strike 0-1: Fly out, F9 (Flyball, 9S)
|
Bottom of the 4th over - 0 runs, 0 hits, 0 errors, 0 left on base; Riverside 3 - Moose Jaw 0 |
TOP OF THE 5TH |
Riverside Red Bulls batting - Pitching for Moose Jaw Ghostbusters : LHP Javier Galeas
|
Batting: RHB Pete Woods
|
0-0: Swinging Strike 0-1: Ball 1-1: Ball 2-1: Fly out, F9 (Line Drive, 89D)
|
Batting: RHB Bobby Miller
|
0-0: Called Strike 0-1: Swinging Strike 0-2: Fly out, F7 (Flyball, 78D)
|
Batting: LHB Miguel Gálvez
|
0-0: Swinging Strike 0-1: Swinging Strike 0-2: Foul Ball, location: 2F 0-2: Foul Ball, location: 2F 0-2: Strikes out swinging
|
Top of the 5th over - 0 runs, 0 hits, 0 errors, 0 left on base; Riverside 3 - Moose Jaw 0 |
BOTTOM OF THE 5TH |
Moose Jaw Ghostbusters batting - Pitching for Riverside Red Bulls : RHP Juan Padilla
|
Batting: LHB Tony Beck
|
0-0: Ball 1-0: Foul Ball, location: 2F 1-1: Called Strike 1-2: Ball 2-2: DOUBLE (Line Drive, 8RXD)
|
Batting: RHB Scott McGuire
|
0-0: Swinging Strike 0-1: Foul Ball, location: 2F 0-2: Foul Ball, location: 2F 0-2: Ball 1-2: Ground out 4-3 (Groundball, 4) Tony Beck to third
|
Batting: LHB Bernard Lane
|
0-0: Called Strike 0-1: Foul Ball, location: 2F 0-2: Strikes out swinging
|
Batting: SHB Martín Cruz
|
0-0: Called Strike 0-1: Ball 1-1: Swinging Strike 1-2: Ball 2-2: Ball 3-2: Foul Ball, location: 2F 3-2: Base on Balls
|
Batting: RHB Johnny MacNamara
|
0-0: Fly out, F8 (Flyball, 8RM)
|
Bottom of the 5th over - 0 runs, 1 hit, 0 errors, 2 left on base; Riverside 3 - Moose Jaw 0 |
TOP OF THE 6TH |
Riverside Red Bulls batting - Pitching for Moose Jaw Ghostbusters : LHP Javier Galeas
|
Batting: LHB Gabriel Estrada
|
0-0: Foul Ball, location: 2F 0-1: Ball 1-1: Ball 2-1: Swinging Strike 2-2: Foul Ball, location: 2F 2-2: Ball 3-2: Strikes out swinging
|
Batting: RHB John Burton
|
0-0: Ball 1-0: Fly out, F6 (Line Drive, 6)
|
Batting: RHB Robert Stevens
|
0-0: Ball 1-0: Foul Ball, location: 2F 1-1: Called Strike 1-2: Ball 2-2: Strikes out swinging
|
Top of the 6th over - 0 runs, 0 hits, 0 errors, 0 left on base; Riverside 3 - Moose Jaw 0 |
BOTTOM OF THE 6TH |
Moose Jaw Ghostbusters batting - Pitching for Riverside Red Bulls : RHP Juan Padilla
|
Batting: SHB Lonnie Washington
|
0-0: Ball 1-0: Ball 2-0: Ball 3-0: Called Strike 3-1: Called Strike 3-2: Foul Ball, location: 2F 3-2: Foul Ball, location: 2F 3-2: Base on Balls
|
Batting: RHB Edmund Kline
|
0-0: Ball 1-0: Called Strike 1-1: Ball 2-1: Swinging Strike 2-2: Fly out, F8 (Flyball, 78M)
|
Batting: SHB Rafael Acosta
|
0-0: Ball 1-0: Foul Ball, location: 2F 1-1: Called Strike 1-2: Foul Ball, location: 2F 1-2: Strikes out swinging
|
Batting: LHB Bill O'Higgins
|
0-0: Called Strike 0-1: Ball 1-1: Ball 2-1: Foul Ball, location: 2F 2-2: Ball Lonnie Washington steals 2nd base 3-2: Base on Balls
|
Batting: LHB Tony Beck
|
0-0: Called Strike 0-1: Ball 1-1: Swinging Strike 1-2: Ball 2-2: SINGLE (Groundball, 4D) Lonnie Washington to third Bill O'Higgins to second Runner from 3rd tries for Home, SAFE, no throw
|
Batting: RHB Scott McGuire
|
0-0: Ball 1-0: Ball 2-0: Fly out, F3 (Line Drive, 3L)
|
Bottom of the 6th over - 1 run, 1 hit, 0 errors, 2 left on base; Riverside 3 - Moose Jaw 1 |
TOP OF THE 7TH |
Riverside Red Bulls batting - Pitching for Moose Jaw Ghostbusters : LHP Javier Galeas
|
Batting: SHB Ángel Estrada
|
0-0: Ground out 4-3 (Groundball, 4)
|
Batting: RHB José González
|
0-0: Ball 1-0: Foul Ball, location: 2F 1-1: Called Strike 1-2: Ball 2-2: Fly out, F9 (Line Drive, 9)
|
Batting: RHB Luis Flores
|
0-0: Called Strike 0-1: Ground out 6-3 (Groundball, 6)
|
Top of the 7th over - 0 runs, 0 hits, 0 errors, 0 left on base; Riverside 3 - Moose Jaw 1 |
BOTTOM OF THE 7TH |
Moose Jaw Ghostbusters batting - Pitching for Riverside Red Bulls : RHP Juan Padilla
|
Batting: LHB Bernard Lane
|
0-0: Called Strike 0-1: Foul Ball, location: 2F 0-2: Strikes out swinging
|
Batting: SHB Martín Cruz
|
0-0: Fly out, F8 (Flyball, 8LD)
|
Batting: RHB Johnny MacNamara
|
0-0: Ball 1-0: Foul Ball, location: 2F 1-1: Ball 2-1: Ground out 6-3 (Groundball, 6)
|
Bottom of the 7th over - 0 runs, 0 hits, 0 errors, 0 left on base; Riverside 3 - Moose Jaw 1 |
TOP OF THE 8TH |
Riverside Red Bulls batting - Pitching for Moose Jaw Ghostbusters : LHP Javier Galeas
|
Batting: RHB Pete Woods
|
0-0: Ball 1-0: Fly out, F6 (Popup, 6M)
|
Batting: RHB Bobby Miller
|
0-0: Called Strike 0-1: Fly out, F8 (Flyball, 8LS)
|
Batting: LHB Miguel Gálvez
|
0-0: Ball 1-0: Foul Ball, location: 2F 1-1: Foul Ball, location: 2F 1-2: Ball 2-2: SINGLE (Line Drive, 34D)
|
Batting: LHB Gabriel Estrada
|
0-0: Ball 1-0: Swinging Strike 1-1: Foul Ball, location: 2F 1-2: Ball Miguel Gálvez is caught stealing 2nd base
|
Top of the 8th over - 0 runs, 1 hit, 0 errors, 0 left on base; Riverside 3 - Moose Jaw 1 |
BOTTOM OF THE 8TH |
Moose Jaw Ghostbusters batting - Pitching for Riverside Red Bulls : RHP Juan Padilla
|
Pitching: LHP Pepe Gómez
|
|
Batting: SHB Lonnie Washington
|
0-0: Swinging Strike 0-1: Called Strike 0-2: Ball 1-2: Ball 2-2: Ball 3-2: Base on Balls
|
Batting: RHB Edmund Kline
|
0-0: Ball 1-0: Called Strike 1-1: Ball 2-1: Called Strike 2-2: Foul Ball, location: 2F 2-2: Strikes out swinging
|
Batting: SHB Rafael Acosta
|
0-0: Called Strike 0-1: Ball 1-1: Foul Ball, location: 2F 1-2: 2-RUN HOME RUN (Flyball, 7LD), Distance : 353 ft
|
Pitching: LHP Mitch Bennett
|
|
Pinch Hitting: RHB José Maldonado
|
0-0: Ball 1-0: Ball 2-0: SINGLE (Flyball, 89M)
|
Pinch Runner at 1st Alberto Castillo:
|
|
Batting: LHB Tony Beck
|
0-0: Ball 1-0: Called Strike 1-1: Foul Ball, location: 2F 1-2: Grounds into double play, 4-6-3 (Groundball, 4)
|
Bottom of the 8th over - 2 runs, 2 hits, 0 errors, 0 left on base; Riverside 3 - Moose Jaw 3 |
TOP OF THE 9TH |
Riverside Red Bulls batting - Pitching for Moose Jaw Ghostbusters : LHP Javier Galeas
|
Now in CF: Alberto Castillo
|
|
Batting: LHB Gabriel Estrada
|
0-0: Fly out, F9 (Flyball, 9)
|
Batting: RHB John Burton
|
0-0: Fly out, F4 (Popup, 23)
|
Batting: RHB Robert Stevens
|
0-0: Called Strike 0-1: Ball 1-1: Foul Ball, location: 2F 1-2: Ball 2-2: DOUBLE (Line Drive, 9LM)
|
Batting: SHB Ángel Estrada
|
0-0: Called Strike 0-1: Ball 1-1: Called Strike 1-2: Ground out 5-3 (Groundball, 5)
|
Top of the 9th over - 0 runs, 1 hit, 0 errors, 1 left on base; Riverside 3 - Moose Jaw 3 |
BOTTOM OF THE 9TH |
Moose Jaw Ghostbusters batting - Pitching for Riverside Red Bulls : LHP Mitch Bennett
|
Batting: RHB Scott McGuire
|
0-0: Fly out, F6 (Popup, 6)
|
Pinch Hitting: RHB Aaron Murray
|
0-0: Ball 1-0: SOLO HOME RUN (Flyball, 7LD), Distance : 358 ft
|
Saturday, April 7th, 2018 - OOTP Baseball 18.8 Build 76
|
|